 Dungeon Crawl Stone Soup version 0.31-a0-1059-g83d41fd8b6 (webtiles) character file.

Game seed: 9323189529144818649

107 AZSletch the Changeling (level 4, -3/34 HPs)
             Began as a Merfolk Shapeshifter on Nov 21, 2023.
             Killed from afar by an orc wizard (10 damage)
             ... with a puff of flame
             ... on level 3 of the Dungeon.
             The game lasted 00:05:15 (1703 turns).

AZSletch the Changeling (Merfolk Shapeshifter)      Turns: 1703, Time: 00:05:15

Health: -3/34      AC:  2    Str: 16    XL:     4   Next: 86%
Magic:  4/4        EV: 13    Int:  9    God:
Gold:   81         SH:  0    Dex: 19    Spells: 3/3 levels left

rFire   . .          .
                       - Unarmed
rCold   . . .        (no shield)
rNeg    . . .        a - +0 animal skin
rPois   .            (helmet currently unavailable)
rElec   .            (cloak currently unavailable)
rCorr   .            (gloves currently unavailable)
SInv    .            (boots currently unavailable)
Will    .....        (no amulet)
Stlth   +            l - +6 ring of dexterity
HPRegen 0.25/turn    r - ring of flight
MPRegen 0.09/turn

%: no passive effects
@: confused, beast-form, flying
A: beast (slay +3), (nimble swimmer 2), mertail
a: Begin Untransformation


You were on level 3 of the Dungeon.
You were a hulking beast.
You visited 1 branch of the dungeon, and saw 3 of its levels.

You collected 81 gold pieces.

Inventory:

Hand Weapons
 m - a +0 club
Armour
 a - a +0 animal skin (worn)
 n - a +0 tower shield
 s - a +2 kite shield
Jewellery
 l - a +6 ring of dexterity (left hand)
 r - a ring of flight (right hand)
Talismans
 c - a beast talisman
 d - a flux talisman
Scrolls
 e - a scroll of immolation {unknown}
 g - a scroll of noise {unknown}
 i - a scroll of amnesia {unknown}
 j - 6 scrolls of identify {unknown}
 k - a scroll of poison {unknown}
 o - a scroll of revelation {unknown}
 p - a scroll of butterflies {unknown}
 t - a scroll of brand weapon {unknown}
Potions
 b - a potion of lignification
 f - 2 potions of mutation {unknown}
 h - a potion of magic {unknown}
 q - a potion of might {unknown}


   Skills:
 + Level 2.5 Fighting
 - Level 2.6 Dodging
 + Level 4.1 Unarmed Combat
 * Level 5.5 Shapeshifting


You had 3 spell levels left.
You didn't know any spells.
Your spell library contained the following spells:

 Spells                   Type           Power      Damage    Failure   Level
 Sting                    Tmut/Pois      0%         1d3       38%         1
 Hailstorm                Conj/Ice       0%         3d3       77%         3
 Ozocubu's Armour         Ice            0%         N/A       77%         3
 Freezing Cloud           Conj/Ice/Air   0%         6-21      100%        5
 Metabolic Englaciation   Hex/Ice        0%         N/A       100%        5
 Conjure Ball Lightning   Conj/Air       0%         3x3d6     100%        6
 Simulacrum               Ice/Necr       0%         N/A       100%        6


Dungeon Overview and Level Annotations

Branches:
Dungeon (3/15)

Altars:


Innate Abilities, Weirdness & Mutations

You are a hulking beast.
Your limbs bulge with bestial killing power. (Slay +3)
((You are very nimble when in or above water. (Stealth+, EV+, Speed+++)))
Your lower body shifts to a powerful aquatic tail in water.


Message History

The white imp gestures at you. The puff of frost hits you!
You barely miss the white imp. The white imp misses you.
You hit the white imp.
The white imp is lightly wounded.
The orc wizard gestures wildly while chanting.
The orc wizard flickers and vanishes!
Deactivating autopickup; reactivate with Ctrl-A.
The white imp hits you. The white imp freezes you.
You closely miss the white imp.
The white imp is lightly wounded.
You hit the white imp but do no damage.
The white imp is lightly wounded.
The white imp gestures at you. The puff of frost hits you!
You punch the white imp!
The white imp is almost dead.
The white imp barely misses you.
You hit the white imp.
The white imp is almost dead.
The white imp hits you.
* * * LOW HITPOINT WARNING * * *
The white imp freezes you.
* * * LOW HITPOINT WARNING * * *
You hit the white imp.
You kill the white imp!
You hit the goblin.
You kill the goblin!
You hear some strange, mumbled words.
You are confused.
You hear some strange, mumbled words.
Something tries to affect you, but you resist.
You bump into the rock wall.
You closely miss something. You punch something.
Something hits you but does no damage.
You miss something.
You hear some strange, mumbled words.
A puff of flame appears from out of thin air!
The puff of flame hits you!
You die...

###.#
....###########
....†..#......#
.......'......#
.......#......#
####...#......####
## #...#.........#
...
#...#....####.#
5... #####....#
#h# ..... #....#
#{####......
#....# #.)...#
#....# #####..#
#......# #.#
####...# .# #...#
# ...# ...#


There were no monsters in sight!

Vanquished Creatures
  5 adders
  A white imp (D:3)
  2 worms (D:2)
  A dart slug (D:2)
  4 bats
  3 endoplasms
  2 goblins
  3 hobgoblins (D:1)
  11 jackals
  A kobold (D:2)
  3 quokkas (D:1)
  4 ball pythons
  2 frilled lizards
  3 rats
45 creatures vanquished.

Notes
Turn   | Place    | Note
-------+----------+-------------------------------------------
     0 | D:1      | AZSletch the Merfolk Shapeshifter began the quest for the
                  | Orb.
     0 | D:1      | Reached XP level 1. HP: 15/15 MP: 1/1
   221 | D:1      | Reached XP level 2. HP: 21/21 MP: 2/2
   487 | D:1      | Got Qiawo's Monograph on the Changing Impact
   546 | D:1      | Reached XP level 3. HP: 27/27 MP: 3/3
   804 | D:2      | Found a faded altar of an unknown god.
  1083 | D:2      | Reached skill level 5 in Shapeshifting
  1332 | D:2      | Reached XP level 4. HP: 23/33 MP: 4/4
  1703 | D:3      | Killed from afar by an orc wizard

Illustrated notes

Levels and vault maps discovered:
D:1:      tarquinn_simple_flora_water_d, layout_loops_cross,
          minmay_misc_feat_tower
D:2:      layout_loops_cross, shapermc_ecumenical_altar_mp_urbaneastern,
          nicolae_underground_beach
D:3:      layout_basic, uniq_jessica

Skill      XL: |  1  2  3  4 |
---------------+-------------+-----
Fighting       | 2 |  2.5
Shapeshifting  | 5 |  5.5
Unarmed Combat | 4 |  4.1
Dodging        | |  2.6

Action                     |  1- 3 |  4- 6 || total
---------------------------+-------+-------++-------
  Melee: Unarmed           |    46 |    32 ||    78
         Club              |    66 |       ||    66
         Punch             |     5 |     1 ||     6
   Stab: Sleeping          |     5 |       ||     5
 Armour: Animal skin       |    44 |    15 ||    59
  Dodge: Dodged            |    73 |    18 ||    91

Table legend: (Time is in decaauts)
 A = Elapsed time spent in this place.
 B = Non-inter-level travel time spent in this place.
 C = Inter-level travel time spent in this place.
 D = Time resting spent in this place.
 E = Time spent auto-exploring this place.
 F = Levels seen in this place.
 G = Mean time per level.
                   A        B        C        D        E       F      G
               +--------+--------+--------+--------+--------+-----+--------+
         Total |   1715 |   1652 |     63 |      0 |   1134 |   3 |  571.7 |
       Dungeon |   1715 |   1652 |     63 |      0 |   1134 |   3 |  571.7 |
               +--------+--------+--------+--------+--------+-----+--------+

Top non-repeatable levels by time:
     D:2: 839 daAuts
     D:1: 690 daAuts
     D:3: 185 daAuts
